 Dungeon Crawl Stone Soup version 0.31.0-11-ge490571c62 (webtiles) character file.

Game seed: 7820632197177024342

788 qw the Shooter (level 7, -2/35 HPs)
             Began as a Spriggan Hunter on Feb 3, 2024.
             Was an Initiate of Okawaru.
             Succumbed to a kobold brigand's poison
             ... on level 5 of the Dungeon.
             The game lasted 00:00:16 (3997 turns).

qw the Shooter (Spriggan Hunter)                    Turns: 3997, Time: 00:00:17

Health: -2/35      AC:  3    Str:  7    XL:     7   Next: 56%
Magic:  8/8        EV: 22    Int: 11    God:    Okawaru [......]
Gold:   77         SH:  0    Dex: 20    Spells: 6/6 levels left

rFire   . . .        a - +2 shortbow (flame)
rCold   . . .        (shield currently unavailable)
rNeg    . . .        c - +0 robe
rPois   .            (helmet restricted)
rElec   .            d - +0 cloak
rCorr   .            (gloves unavailable)
SInv    +            (boots unavailable)
Will    +....        (no amulet)
Stlth   ++           (no ring)
HPRegen 0.25/turn    (no ring)
MPRegen 0.11/turn

%: no passive effects
@: lethally poisoned (-2 -> -12), about to teleport, very quick
A: very small, no large weapons, unfitting armour, see invisible, speed 3
a: Renounce Religion


You were on level 5 of the Dungeon.
You worshipped Okawaru.
Okawaru was noncommittal.
You visited 2 branches of the dungeon, and saw 7 of its levels.

You collected 251 gold pieces.
You spent 174 gold pieces at shops.


Innate Abilities, Weirdness & Mutations

You are very small and have problems with some larger weapons.
You are too small for most types of armour.
You have supernaturally acute eyesight. (SInv)
You cover ground extremely quickly. (Speed+++)


   Skills:
 - Level 2.0 Fighting
 + Level 7.7 Ranged Weapons
 - Level 7.2 Dodging
 - Level 1.5 Stealth


You had 6 spell levels left.
You didn't know any spells.
Your spell library was empty.

Inventory:

Hand Weapons
 a - a +2 shortbow of flaming (weapon)
Armour
 c - a +0 robe (worn)
 d - a +0 cloak (worn)
Jewellery
 g - a ring of fire
Wands
 j - a wand of charming (9)
 k - a wand of roots (4)
Scrolls
 b - a scroll of fog {unknown}
 h - a scroll of teleportation
Potions
 e - a potion of cancellation
 l - a potion of resistance
 m - a potion of enlightenment
 n - a potion of curing
 q - a potion of haste {unknown}

Dungeon Overview and Level Annotations

Branches:
Dungeon (6/15)             Temple (1/1) D:5

Altars:
Makhleb
Okawaru
Qazlal
Ru
Sif Muna
Uskayaw
Vehumet
Wu Jian
Xom
Yredelemnul
Zin

Shops:
D:4 *


Message History

The poisoned dart hits you!
You are more poisoned.
You shoot an arrow.
The arrow barely misses the kobold brigand.
The arrow hits the kobold!
The arrow burns the kobold.
You kill the kobold!
Okawaru accepts your kill.
You feel very sick.
You shoot an arrow.
The arrow closely misses the kobold brigand.
You feel very sick.
You shoot an arrow. The arrow hits the kobold brigand.
The arrow burns the kobold brigand.
The kobold brigand is moderately wounded.
You feel very sick. The kobold misses you.
The kobold brigand hits you with a +0 dagger.
You shoot an arrow.
The arrow closely misses the kobold brigand.
You feel sick.
The kobold brigand hits you with a +0 dagger.
You shoot an arrow. The arrow hits the kobold brigand!
The arrow burns the kobold brigand.
The kobold brigand is heavily wounded.
You feel sick. The kobold completely misses you.
The kobold brigand hits you with a +0 short sword.
The kobold brigand hits you with a +0 dagger!
The kobold brigand throws a poisoned dart.
The poisoned dart hits you!
You are more poisoned.
3996 ||| READING 2 scrolls of teleportation.
As you read the scroll of teleportation, it crumbles to dust.
You feel strangely unstable.
You feel very sick. The kobold closely misses you.
The kobold brigand closely misses you. x2
You shoot an arrow. The arrow hits the kobold brigand!
The arrow burns the kobold brigand.
You kill the kobold brigand!
Okawaru accepts your kill.
You die...

#...$...# #.......# #(......#
...)... ..... #.K.# # ##)KK## ##
#.K@K.# ##### .## ###.### #...#
..## #.# ##.#.## #..# #.# #.....#
#.##############.# ##.#.#.##
##...#.#.........####.......#####
##......#######.###...#...#......
#......## #.#...#.......#....
#.....### #...#.....>.....#.#


You could see 3 kobold brigands and 2 kobolds.

Vanquished Creatures
  A black bear (D:4)
  An ice beast (D:5)
  An ogre (D:5)
  A kobold brigand (D:5)
  2 scorpions (D:5)
  3 bombardier beetles
  A hound (D:4)
  An iguana (D:5)
  A sleepcap (D:5)
  An orc wizard (D:2)
  7 gnolls (D:2)
  6 adders
  A ribbon worm (D:3)
  10 orcs
  A ball python (D:3)
  3 bats
  5 endoplasms
  5 goblins
  A hobgoblin (D:4)
  3 jackals
  10 kobolds
  6 quokkas
  5 frilled lizards
  3 rats
79 creatures vanquished.

Notes
Turn   | Place    | Note
-------+----------+-------------------------------------------
     0 | D:1      | qw the Spriggan Hunter began the quest for the Orb.
     0 | D:1      | Reached XP level 1. HP: 10/10 MP: 2/2
     0 | D:1      | 0 ||| qw: Version: 0.3-a-157-g843a77d
     0 | D:1      | 0 ||| qw: Game counter: 3568
     0 | D:1      | 0 ||| qw: Melee chars always use a shield: true
     0 | D:1      | 0 ||| qw: God list: Okawaru
     0 | D:1      | 0 ||| qw: Allow faded altars: false
     0 | D:1      | 0 ||| qw: Do Orc after clearing Dungeon:15 true
     0 | D:1      | 0 ||| qw: Do second Lair branch before Depths: true
     0 | D:1      | 0 ||| qw: Lair rune preference: random
     0 | D:1      | 0 ||| qw: Goals: Normal
     0 | D:1      | 0 ||| PLANNING D:1-11
   190 | D:1      | Reached skill level 3 in Dodging
   483 | D:1      | Reached XP level 2. HP: 14/14 MP: 3/3
   861 | D:1      | 861 ||| UPGRADING to +0 cloak.
   866 | D:1      | 866 ||| READING scroll labelled ZEBIET LYKITASK.
   867 | D:1      | 867 ||| READING scroll labelled XIUTAM BUKI.
   968 | D:1      | 968 ||| READING scroll labelled YBETZU JAELIO.
   971 | D:1      | 971 ||| DRINKING 2 puce potions.
   999 | D:1      | 999 ||| DROPPING scroll of butterflies.
  1000 | D:1      | 1000 ||| DROPPING potion of lignification.
  1020 | D:2      | 1020 ||| STAIRDANCE
  1072 | D:2      | 1072 ||| DRINKING metallic blue potion.
  1093 | D:2      | Reached XP level 3. HP: 14/18 MP: 4/4
  1257 | D:2      | 1257 ||| DROPPING ring of wizardry.
  1268 | D:2      | Reached XP level 4. HP: 22/22 MP: 5/5
  1463 | D:2      | Reached XP level 5. HP: 26/26 MP: 6/6
  1473 | D:2      | 1473 ||| READING scroll labelled SUTTIRYPS ASAA.
  1670 | D:2      | 1670 ||| READING scroll labelled KAAVVE SEYLL.
  1670 | D:2      | 1670 ||| ENCHANTING +0 shortbow.
  2031 | D:3      | Found a faded altar of an unknown god.
  2072 | D:3      | 2072 ||| READING scroll of enchant weapon.
  2072 | D:3      | 2072 ||| ENCHANTING +1 shortbow.
  2315 | D:3      | 2315 ||| READING scroll labelled MEDGHA LOTAXTA.
  2316 | D:3      | 2316 ||| READING scroll labelled BEDGHILEBBUU.
  2317 | D:3      | 2317 ||| DRINKING 2 fizzy clear potions.
  2616 | D:4      | Reached skill level 6 in Ranged Weapons
  2625 | D:4      | Found Keentoobu's Assorted Antiques.
  2636 | D:4      | 2636 ||| BUYING 2 pink potions (37 gold).
  2636 | D:4      | Bought 2 pink potions for 37 gold pieces
  2636 | D:4      | 2636 ||| BUYING 3 fuming puce potions (56 gold).
  2636 | D:4      | Bought 3 fuming puce potions for 56 gold pieces
  2636 | D:4      | 2636 ||| BUYING lumpy emerald potion (18 gold).
  2636 | D:4      | Bought a lumpy emerald potion for 18 gold pieces
  2636 | D:4      | 2636 ||| SHOPLISTING runed arbalest (157 gold, have 71).
  2636 | D:4      | 2636 ||| BUYING scroll labelled DAWEPS HU HAN (21 gold).
  2636 | D:4      | Bought a scroll labelled DAWEPS HU HAN for 21 gold pieces
  2636 | D:4      | 2636 ||| BUYING scroll labelled GOPTIMNEUSCH (21 gold).
  2636 | D:4      | Bought a scroll labelled GOPTIMNEUSCH for 21 gold pieces
  2636 | D:4      | 2636 ||| BUYING scroll labelled GOPTIMNEUSCH (21 gold).
  2636 | D:4      | Bought a scroll labelled GOPTIMNEUSCH for 21 gold pieces
  2640 | D:4      | Found a sacrificial altar of Ru.
  2685 | D:4      | Reached XP level 6. HP: 30/30 MP: 7/7
  2786 | D:4      | Reached skill level 6 in Dodging
  2935 | D:4      | 2935 ||| FLEEEEING.
  2936 | D:4      | 2936 ||| FLEEEEING.
  2937 | D:4      | 2937 ||| FLEEEEING.
  2938 | D:4      | 2938 ||| FLEEEEING.
  2939 | D:4      | 2939 ||| FLEEEEING.
  2940 | D:4      | 2940 ||| FLEEEEING.
  2941 | D:4      | 2941 ||| FLEEEEING.
  2942 | D:4      | 2942 ||| FLEEEEING.
  2943 | D:4      | 2943 ||| FLEEEEING.
  2945 | D:4      | 2945 ||| FLEEEEING.
  2946 | D:4      | 2946 ||| FLEEEEING.
  2947 | D:4      | 2947 ||| FLEEEEING.
  2948 | D:4      | 2948 ||| FLEEEEING.
  2949 | D:4      | 2949 ||| FLEEEEING.
  2950 | D:4      | 2950 ||| FLEEEEING.
  2952 | D:4      | 2952 ||| FLEEEEING.
  2953 | D:4      | 2953 ||| FLEEEEING.
  2954 | D:4      | 2954 ||| FLEEEEING.
  2955 | D:4      | 2955 ||| FLEEEEING.
  2956 | D:4      | 2956 ||| FLEEEEING.
  2957 | D:4      | 2957 ||| FLEEEEING.
  2958 | D:4      | 2958 ||| FLEEEEING.
  2959 | D:4      | 2959 ||| FLEEEEING.
  2960 | D:4      | 2960 ||| FLEEEEING.
  2961 | D:4      | 2961 ||| FLEEEEING.
  2962 | D:4      | 2962 ||| FLEEEEING.
  2964 | D:4      | 2964 ||| FLEEEEING.
  2965 | D:4      | 2965 ||| FLEEEEING.
  3287 | D:4      | 3287 ||| READING 3 scrolls labelled DAWEPS HU HAN.
  3287 | D:4      | 3287 ||| IDENTIFYING lumpy cyan potion
  3288 | D:4      | 3288 ||| READING 2 scrolls of identify.
  3288 | D:4      | 3288 ||| IDENTIFYING white potion
  3289 | D:4      | 3289 ||| READING scroll of identify.
  3289 | D:4      | 3289 ||| IDENTIFYING lumpy emerald potion
  3290 | D:4      | 3290 ||| READING 2 scrolls labelled GOPTIMNEUSCH.
  3391 | D:4      | 3391 ||| DRINKING 4 fuming puce potions.
  3392 | D:4      | 3392 ||| DRINKING 2 pink potions.
  3393 | D:4      | 3393 ||| DROPPING potion of berserk rage.
  3394 | D:4      | 3394 ||| DROPPING 3 potions of attraction.
  3395 | D:4      | 3395 ||| DROPPING potion of degeneration.
  3396 | D:4      | 3396 ||| DROPPING scroll of vulnerability.
  3437 | D:5      | Entered Level 5 of the Dungeon
  3565 | D:5      | Found a staircase to the Ecumenical Temple.
  3565 | D:5      | You fall into a shaft and drop 1 floor!
  3566 | D:6      | 3566 ||| READING scroll labelled LUGEODUINT.
  3566 | D:6      | 3566 ||| BRANDING +2 shortbow.
  3580 | D:5      | Reached XP level 7. HP: 15/35 MP: 8/8
  3795 | D:5      | 3795 ||| PLANNING TEMPLE
  3806 | Temple   | Entered the Ecumenical Temple
  3807 | Temple   | 3807 ||| PLANNING OKAWARU WORSHIP
  3811 | Temple   | Became a worshipper of Warmaster Okawaru
  3812 | Temple   | 3812 ||| PLANNING D:1-11
  3995 | D:5      | HP: 4/35 [kobold brigand/+0 dagger (8)]
  3996 | D:5      | 3996 ||| READING 2 scrolls of teleportation.
  3996 | D:5      | HP: 1/35 [poisoned by a kobold brigand]
  3997 | D:5      | Succumbed to a kobold brigand's poison

Levels and vault maps discovered:
D:1:      elethiomel_arrival_shortcut, layout_basic
D:2:      layout_rooms
D:3:      layout_basic, shapermc_ecumenical_altar_mp_urbaneastern,
          hangedman_decor_growths
D:4:      kb_forest_paths, layout_loops_cross, nicolae_ru_awakened_eye,
          serial_shops, nicolae_shop_getting_attention
D:5:      cheibrodos_fertilizer, layout_layer_cave,
          minmay_temple_entry_sparse_star, serial_glass, glass_columns_b,
          glass_columns_b
D:6:      layout_gridville, grunt_temple_overflow_growth_and_decay
Temple:   hellmonk_temple_micro_hex

Skill      XL: |  1  2  3  4  5  6  7 |
---------------+----------------------+-----
Dodging        | 3 4 5 6 7 |  7.2
Ranged Weapons | 5 6 7 |  7.7
Fighting       | 2 |  2.0
Stealth        | |  1.5

Action                     |  1- 3 |  4- 6 |  7- 9 || total
---------------------------+-------+-------+-------++-------
   Fire: Shortbow          |    91 |   184 |    34 ||   309
    Use: Scroll            |     3 |    10 |     1 ||    14
         Potion            |     2 |     3 |       ||     5
 Armour: Robe              |    17 |    23 |     6 ||    46
  Dodge: Dodged            |    52 |    51 |    13 ||   116

Table legend:
 A = Non-vault XP
 B = Vault XP
 C = Vault XP percentage of total XP
 D = Non-vault monster count
 E = Vault monster count
 F = Vault count percentage of total count
                 A         B        C        D         E       F
            +---------+---------+-------+---------+---------+-------
      Total |    1074 |     153 |  12.5 |      71 |       8 |  10.1
            +---------+---------+-------+---------+---------+-------
        D:1 |      21 |       0 |   0.0 |      13 |       0 |   0.0
        D:2 |     196 |       0 |   0.0 |      21 |       0 |   0.0
        D:3 |      83 |       0 |   0.0 |      16 |       0 |   0.0
        D:4 |     276 |      51 |  15.6 |      15 |       6 |  28.6
        D:5 |     498 |     102 |  17.0 |       6 |       2 |  25.0
            +---------+---------+-------+---------+---------+-------
